 Dungeon Crawl Stone Soup version 0.29.0-11-gd7f09526c8 (webtiles) character file.

Game seed: 15231109469773882141

56 funkygono the Firebug (level 3, -3/19 HPs)
             Began as a Gargoyle Fire Elementalist on Sept 3, 2022.
             Slain by an orc priest
             ... wielding a +0 flail
              (7 damage)
             ... on level 3 of the Dungeon.
             The game lasted 00:02:34 (1679 turns).

funkygono the Firebug (Gargoyle Fire Elementalist)  Turns: 1679, Time: 00:02:35

Health: -3/19      AC:  5    Str: 11    XL:     3   Next: 95%
Magic:  4/6        EV: 12    Int: 17    God:
Gold:   116        SH:  0    Dex: 10    Spells: 0/6 levels left

rFire   . . .      SeeInvis .   f - +0 whip
rCold   . . .      Faith    .   (no shield)
rNeg    + . .      Spirit   .   a - +0 robe
rPois   ∞          Reflect  .   (no helmet)
rElec   +          Harm     .   (no cloak)
rCorr   .          Rampage  .   (no gloves)
Will    .....                   (no boots)
Stlth   +.........              (no amulet)
HPRegen 0.06/turn               (no ring)
MPRegen 0.10/turn               (no ring)

@: confused
A: sickness immunity, AC +3, negative energy resistance 1, electricity
resistance, torment resistance 1, petrification resistance
a: no special abilities


You were on level 3 of the Dungeon.
You visited 1 branch of the dungeon, and saw 3 of its levels.

You collected 116 gold pieces.

Inventory:

Hand Weapons
 f - a +0 whip (weapon)
 l - the +4 hand axe of Gloom {pain, rF+ Str+4 Dex-3 Stlth+}
   (You found it on level 2 of the Dungeon)

   In the hands of one skilled in necromantic magic, it inflicts extra damage on
   living creatures.
   Str:       It affects your strength (+4).
   Dex:       It affects your dexterity (-3).
   rF:        It protects you from fire.
   Stlth:     It makes you more stealthy.
 m - a +4 club
Armour
 a - a +0 robe (worn)
 g - a scarf of shadows
Wands
 i - a wand of iceblast (14)
Scrolls
 e - a scroll of blinking {unknown}
 h - a scroll of noise {unknown}
 k - a scroll of enchant armour {unknown}
 n - 2 scrolls of identify {unknown}
 o - a scroll of immolation {unknown}
 p - a scroll of silence {unknown}
Potions
 b - a potion of magic
 c - 2 potions of invisibility {unknown}
 d - a potion of flight {unknown}
 j - a potion of heal wounds {unknown}
 q - a potion of mutation {unknown}
 r - a potion of degeneration {unknown}


   Skills:
 + Level 0.5 Maces & Flails
 + Level 1.8 Dodging
 + Level 2.5 Stealth
 + Level 2.4 Spellcasting
 + Level 1.6 Conjurations
 + Level 3.7 Fire Magic


You couldn't memorise any spells.
You knew the following spells:

 Your Spells              Type           Power      Damage    Failure   Level
a - Foxfire               Conj/Fire      44%        2x1d6     6%          1
b - Scorch                Fire           28%        2d6       6%          2
c - Conjure Flame         Conj/Fire      11%        6-21      19%         3

Your spell library contained the following spells:

 Spells                   Type           Power      Damage    Failure   Level
 Slow                     Hex            8%         N/A       19%         1
 Inner Flame              Hex/Fire       8%         N/A       26%         3
 Flame Wave               Conj/Fire      11%        2d6       52%         4


Dungeon Overview and Level Annotations

Branches:
Dungeon (3/15)

Altars:
Cheibriados
Elyvilon


Innate Abilities, Weirdness & Mutations

You are immune to sickness and miasma.
Your stone body is resilient. (AC +3)
You are immune to poison.
You resist negative energy. (rN+)
You are resistant to electric shocks. (rElec)
You are resistant to unholy torment.
You are immune to petrification.


Message History

2 orc wizards come into view.
An orc wizard is wielding a +1 dagger of venom.
The orc wizard shouts!
An orc comes into view. It is wielding a +0 flail.
The orc priest shouts!
The orc wizard shouts!
The orc wizard casts a spell.
The orc wizard flickers and vanishes!
Deactivating autopickup; reactivate with Ctrl-A.
Casting: Foxfire (safe; 6% risk of failure)
Confirm with . or Enter, or press ? or * to list all spells.
You conjure some foxfire!
The foxfire hits the orc priest.
The orc priest is lightly wounded.
Casting: Foxfire (safe; 6% risk of failure)
Confirm with . or Enter, or press ? or * to list all spells.
You conjure some foxfire!
The foxfire hits the orc priest but does no damage.
The orc priest is lightly wounded.
You are confused.
The orc wizard casts a spell.
The orc wizard flickers and vanishes!
You're too confused to cast spells.
Sorry, you're not good enough to have a special ability.
Unknown command.
You're too confused to cast spells.
You bump into the rock wall.
The foxfire hits the orc priest but does no damage.
The orc priest is lightly wounded.
The foxfire hits the orc priest.
The orc priest is heavily wounded.
The orc priest hits you with a +0 flail.
Unknown command.
The orc priest closely misses you.
You're too confused to move!
The orc priest hits you with a +0 flail.
You hit the orc.
The orc is heavily wounded.
Something hits you.
* * * LOW HITPOINT WARNING * * *
The orc priest hits you with a +0 flail!
You die...

#..#######
#.........
#######.########
#........#..
#.##...###.###
#<...+ ....
#....###.#####.#
#....'..oo.....#
#....###@.......
###### #........
+........
#........
#........
#........
#........
#........


You could see an orc priest and an orc.

Vanquished Creatures
  Jessica (D:3)
  A bat (D:2)
  5 endoplasms
  2 giant cockroaches (D:2)
  3 goblins
  2 hobgoblins
  2 kobolds
  3 quokkas
  4 ball pythons
  2 frilled lizards
  A rat (D:1)
26 creatures vanquished.

Vanquished Creatures (others)
  53 foxfires
53 creatures vanquished.

Grand Total: 79 creatures vanquished

Notes
Turn   | Place    | Note
-------+----------+-------------------------------------------
     0 | D:1      | funkygono the Gargoyle Fire Elementalist began the quest
                  | for the Orb.
     0 | D:1      | Reached XP level 1. HP: 10/10 MP: 3/3
   313 | D:1      | Reached XP level 2. HP: 9/15 MP: 3/5
   316 | D:1      | Learned a level 2 spell: Scorch
  1269 | D:2      | Reached XP level 3. HP: 19/19 MP: 3/6
  1273 | D:2      | Learned a level 3 spell: Conjure Flame
  1442 | D:2      | Identified the +4 hand axe of Gloom {pain, rF+ Str+4 Dex-3
                  | Stlth+}
  1532 | D:3      | Found a white marble altar of Elyvilon.
  1537 | D:3      | Found a snail-covered altar of Cheibriados.
  1586 | D:3      | Noticed Jessica
  1589 | D:3      | Killed Jessica
  1628 | D:3      | Got Jessica's Opusculum on Imprecation
  1679 | D:3      | Slain by an orc priest

Illustrated notes

Levels and vault maps discovered:
D:1:      dpeg_arrival_arbitrary_c, layout_basic
D:2:      layout_basic
D:3:      layout_basic, general_overflow_altar, grunt_temple_overflow_open,
          hellmonk_ecumenical_altar_crossroads, kennysheep_jessica_study,
          uniq_terence

Action                   || total
-------------------------++-------
Melee: Club              ||     4
       Whip              ||     9
       Hand axe          ||     1
 Cast: Foxfire           ||    34
 Stab: Sleeping          ||     1
Armor: Robe              ||     1
Dodge: Dodged            ||    12
